 Dungeon Crawl Stone Soup version 0.30-a0-930-gb9d0489357 (webtiles) character file.

Game seed: 371355537954078154

204 Nyon the Chopper (level 5, 0/46 HPs)
             Began as a Draconian Berserker on Mar 23, 2023.
             Was a Believer of Trog.
             Slain by Grinder (3 damage)
             ... while paralysed by Grinder
             ... on level 3 of the Dungeon.
             The game lasted 00:06:14 (1771 turns).

Nyon the Chopper (Draconian Berserker)              Turns: 1771, Time: 00:06:14

Health: 0/46       AC:  6    Str: 21    XL:     5   Next: 52%
Magic:  5/5        EV:  2    Int:  6    God:    Trog [**....]
Gold:   153        SH:  0    Dex: 14    Spells: 4/4 levels left

rFire   . . .      SeeInvis .    a - +0 hand axe
rCold   . . .      Faith    .    (no shield)
rNeg    . . .      Spirit   .    (body armour unavailable)
rPois   .          Reflect  .    (helmet restricted)
rElec   .          Rampage  .    (no cloak)
rCorr   .                        (no gloves)
Will    +....                    c - +0 pair of boots
Stlth   ++                       (no amulet)
HPRegen 0.27/turn                g - ring of willpower
MPRegen 0.09/turn                (no ring)

@: paralysed, on berserk cooldown, slowed
A: AC +5, unfitting armour, cold-blooded, agile 1, wild magic 1
a: Renounce Religion, Berserk, Trog's Hand


You were on level 3 of the Dungeon.
You worshipped Trog.
Trog was pleased with you.
You visited 1 branch of the dungeon, and saw 3 of its levels.

You collected 153 gold pieces.

Inventory:

Hand Weapons
 a - a +0 hand axe (weapon)
Armour
 c - a +0 pair of boots (worn)
Jewellery
 g - a ring of willpower (left hand)


   Skills:
 + Level 4.3 Fighting
 + Level 4.6 Axes
 + Level 3.9 Dodging
 + Level 1.0 Stealth


You had 4 spell levels left.
You didn't know any spells.
Your spell library was empty.

Dungeon Overview and Level Annotations

Branches:
Dungeon (3/15)

Altars:
Cheibriados

Annotations:
D:3 Grinder


Innate Abilities, Weirdness & Mutations

Your plain brown scales are hard. (AC +5)
You cannot fit into any form of body armour.
You are cold-blooded and may be slowed by cold attacks.
You are agile. (Dex +4, Str/Int -1)
Your spells are a little harder to cast, but a little more powerful.


Message History

You kill the orc!
Trog accepts your kill.
You hit Grinder but do no damage. Grinder barely misses you. Grinder hits you!
You writhe in agony.
Something hits you but does no damage. The orc completely misses you.
You hit Grinder.
Grinder is lightly wounded.
You closely miss something. You barely miss the orc.
You hear some strange, mumbled words.
A puff of flame appears from out of thin air!
The puff of flame hits you! The orc hits you but does no damage.
Grinder blinks!
The orc hits you but does no damage. Grinder hits you but does no damage.
Something hits you.
You slash Grinder!
Grinder is moderately wounded.
You barely miss something. You hit the orc but do no damage.
The orc closely misses you. Something hits you. Grinder completely misses you.
You closely miss Grinder.
Grinder is moderately wounded.
You hit the orc. You miss something. Something hits you.
* * * LOW HITPOINT WARNING * * *
Grinder misses you. The orc hits you with a +0 whip.
* * * LOW HITPOINT WARNING * * *
Something hits you.
* * * LOW HITPOINT WARNING * * *
The orc misses you. Grinder barely misses you.
You slash Grinder!
Grinder is heavily wounded.
You hit something. You hit the orc.
You kill the orc!
Trog accepts your kill. Something hits you but does no damage.
Grinder gestures at you.
You suddenly lose the ability to move!
You hear some strange, mumbled words.
A magic dart appears from out of thin air!
The magic dart hits you.
* * * LOW HITPOINT WARNING * * *
The orc barely misses you. Grinder hits you.
You die...

### # ... .># .#
#.# #.# #.# #.#
#.#...### #.#
#{#...... #.#
#@oo..... #.#
#5#.####. #.# #.#
# #######.# #.#
######.......###.#
#.........~~..~#.#
~~.~~~~~~~~~~≈...#
≈.≈~≈~~~~~~~≈~~..#
~≈~~~≈.~~~~~≈≈≈~.#


You could see Grinder and 2 orcs.

Vanquished Creatures
  An ogre (D:3)
  Jessica (D:2)
  Terence (D:2)
  An adder (D:2)
  A dart slug (D:1)
  2 orcs (D:3)
  8 ball pythons
  6 endoplasms
  2 giant cockroaches
  6 goblins
  11 hobgoblins
  4 jackals (D:1)
  2 kobolds (D:2)
  2 quokkas (D:1)
  4 bats
  2 rats
54 creatures vanquished.

Notes
Turn   | Place    | Note
-------+----------+-------------------------------------------
     0 | D:1      | Nyon the Draconian Berserker began the quest for the Orb.
     0 | D:1      | Reached XP level 1. HP: 19/19 MP: 1/1
    79 | D:1      | Reached XP level 2. HP: 26/26 MP: 2/2
   464 | D:1      | Reached XP level 3. HP: 33/33 MP: 3/3
   694 | D:1      | Gained mutation: Your spells are a little harder to cast,
                  | but a little more powerful. [potion of mutation]
   694 | D:1      | Gained mutation: You are agile. (Dex +4, Str/Int -1)
                  | [potion of mutation]
   949 | D:2      | Reached ** piety under Trog
  1042 | D:2      | Found a snail-covered altar of Cheibriados.
  1120 | D:2      | Noticed Jessica
  1126 | D:2      | Killed Jessica
  1127 | D:2      | Reached XP level 4. HP: 37/40 MP: 4/4
  1207 | D:2      | Noticed Terence
  1223 | D:2      | Killed Terence
  1549 | D:3      | Noticed an ogre
  1554 | D:3      | Killed an ogre
  1555 | D:3      | Reached skill level 1 in Stealth
  1555 | D:3      | Reached XP level 5. HP: 46/46 MP: 5/5
  1758 | D:3      | Noticed Grinder
  1771 | D:3      | Paralysed by Grinder for 3 turns
  1771 | D:3      | Slain by Grinder

Illustrated notes

Levels and vault maps discovered:
D:1:      minmay_arrival_shoal_huts, layout_rooms
D:2:      cheibrodos_greedy_goblins, layout_basic, basic_altar,
          chequers_serial_rivers_micro_e, minivault_26, uniq_jessica,
          uniq_terence
D:3:      layout_basic, lemuel_round_altar, basic_ecumenical_altar,
          chequers_serial_rivers_large_a, uniq_natasha, uniq_grinder,
          uniq_sigmund

Skill      XL: |  1  2  3  4 |
---------------+-------------+-----
Dodging        | 3 |  3.9
Fighting       | 4 |  4.3
Axes           | 4 |  4.6
Stealth        | 1 |  1.0

Action                     |  1- 3 |  4- 6 || total
---------------------------+-------+-------++-------
  Melee: Hand axe          |   115 |    41 ||   156
         Tailslap          |     9 |     5 ||    14
         Punch             |       |     1 ||     1
 Invoke: Berserk           |     3 |     3 ||     6
    Use: Potion            |     3 |     1 ||     4
         Scroll            |     1 |     5 ||     6
   Stab: Sleeping          |     1 |       ||     1
 Armour: Skin              |    56 |    21 ||    77
  Dodge: Dodged            |   146 |    28 ||   174

Table legend: (Time is in decaauts)
 A = Elapsed time spent in this place.
 B = Non-inter-level travel time spent in this place.
 C = Inter-level travel time spent in this place.
 D = Time resting spent in this place.
 E = Time spent auto-exploring this place.
 F = Levels seen in this place.
 G = Mean time per level.
                   A        B        C        D        E       F      G
               +--------+--------+--------+--------+--------+-----+--------+
         Total |   1890 |   1863 |     27 |      0 |   1208 |   3 |  630.0 |
       Dungeon |   1890 |   1863 |     27 |      0 |   1208 |   3 |  630.0 |
               +--------+--------+--------+--------+--------+-----+--------+

Top non-repeatable levels by time:
     D:1: 839 daAuts
     D:2: 751 daAuts
     D:3: 299 daAuts
